[Event "*** SCC Grand Prix: Titled Tuesday Blitz"]
[Site "Chess.com"]
[Date "2020.06.02"]
[Round "8"]
[White "tteshan"]
[Black "ketster"]
[Result "0-1"]
[WhiteElo "2235"]
[BlackElo "2421"]
[TimeControl "180+1"]
[EndTime "11:37:19 PDT"]
[Termination "ketster won by checkmate"]

1. e4 e5 2. Nf3 Nc6 3. Bb5 a6 4. Ba4 Nf6 5. O-O Be7 6. Re1 b5 7. Bb3 d6 8. c3 O-O 9. d4 Bg4 10. d5 Na5 11. Bc2 Bd7 12. h3 c6 13. Be3 Nc4 14.
Bc1 cxd5 15. exd5 Nb6 16. Nxe5 dxe5 17. d6 Bxd6 18. Qxd6 Nc4 19. Qd3 e4 20. Qg3 Nh5 21.
Qg5 Qxg5 22. Bxg5 f5 23. b3 Ne5 24. Nd2 Rac8 25. Be7 Rfe8 26. Bb4 Nf4 27. Nf1 Ned3 28.
Bxd3 Nxd3 29. Red1 f4 30. Ba5 Bf5 31. g4 Bg6 32. a3 h5 33. Ra2 hxg4 34. hxg4 Rc5 35. Bb6 Rg5 36. Nh2 Bf5 37. Kh1 Be6 38. c4 bxc4 39.
bxc4 Bxc4 40. Rad2 Kf7 41. Rb1 Rh8 42. Kg1 Be6 43. Bd4 Bxg4 44. Rb7+ Kg6 45. Rb6+ Kf5 46. Rxa6 Be2+ 47. Kh1 Bf3# 0-1

[Event "*** SCC Grand Prix: Titled Tuesday Blitz"]
[Site "Chess.com"]
[Date "2020.06.02"]
[Round "8"]
[White "wonderfultime"]
[Black "gmcorrales"]
[Result "1-0"]
[WhiteElo "2991"]
[BlackElo "2776"]
[TimeControl "180+1"]
[EndTime "11:37:20 PDT"]
[Termination "wonderfultime won by resignation"]

1. d4 Nf6 2. Nf3 g6 3. Bg5 Bg7 4. Nbd2 d5 5. c3 O-O 6. e3 b6 7. Bd3 Bb7 8. O-O Nbd7 9. a4 a6 10. h3 c5 11. Qe2 Qc7 12. Bf4 Qc6 13. Bh2 c4 14. Bc2 b5 15. Rfe1 b4 16. Ne5 Nxe5 17.
dxe5 Nd7 18. e4 e6 19. exd5 exd5 20. Nf3 b3 21. Bd1 Nc5 22. Nd4 Qc8 23. Qd2 Re8 24. Bg4 Qd8 25. e6 f5 26. Bf3 Ne4 27. Qe3 Rc8 28. Rad1 Qe7 29. Bxe4 fxe4 30. f3 Bxd4 31. Rxd4 Qxe6 32. fxe4 dxe4 33. Rd6 Qf5 34. Rf1 Qc5 35. Rd4 Rcd8 36. Bf4 Rxd4 37. cxd4 Qb4 38. Be5 c3 39. bxc3 Qe7 40. c4 Rf8 41. Rxf8+ Qxf8 42. Qxb3 Bc6 43. d5 Bd7 44. Qe3 Qf5 45. Bc3 h5 46. Qd4 Kf7 47.
c5 Qf4 48. Qg7+ Ke8 49. Qg8+ Ke7 50. d6+ Qxd6 51. cxd6+ Kxd6 52. Qxg6+ Kd5 53. Qxa6 Bc6 54. Qa5+ Kc4 55. Bb4 Bd5 56. Qc5+ Kd3 57. Qxd5+ 1-0

[Event "*** SCC Grand Prix: Titled Tuesday Blitz"]
[Site "Chess.com"]
[Date "2020.06.02"]
[Round "8"]
[White "OK97"]
[Black "Andreikka"]
[Result "0-1"]
[WhiteElo "2767"]
[BlackElo "2927"]
[TimeControl "180+1"]
[EndTime "11:37:20 PDT"]
[Termination "Andreikka won by resignation"]

1. Nf3 d5 2. g3 Nd7 3. d4 Nb6 4. Bg2 Bf5 5. O-O e6 6. b3 h6 7. Nbd2 Nf6 8. c4 c6 9. a4 a5 10. Bb2 Be7 11. Rc1 O-O 12. Ne5 Re8 13.
Re1 Bb4 14. e3 Nbd7 15. Nxd7 Qxd7 16. Qe2 Rad8 17. Red1 Qe7 18. h3 Ba3 19. Bxa3 Qxa3 20. c5 Qb4 21. g4 Bh7 22. f4 Nd7 23. Qf2 b6 24. cxb6 Qxb6 25. e4 dxe4 26. Nxe4 Qxb3 27.
Nd6 Rf8 28. f5 Nf6 29. Nc4 Qxa4 30. Ne5 c5 31. fxe6 fxe6 32. Ra1 Qb3 33. Nc6 Rd7 34. Nxa5 Qb6 35. Nc4 Qb4 36. Ne5 Rxd4 37. Nc6 Rxd1+ 38. Rxd1 Qc3 39. Qe2 Re8 40. Rd8 Rxd8 41. Qxe6+ Kh8 42. Nxd8 Bg8 43. Qe7 c4 44. Qf8 Kh7 45. h4 Qe1+ 46. Bf1 Qg3+ 47. Bg2 Qe3+ 48. Kh1 Qe1+ 49. Kh2 Qxh4+ 50. Kg1 Qe1+ 51. Kh2 Nxg4+ 52. Kh3 Nf6 53.
Qc5 Qd2 54. Qf5+ Kh8 55. Nc6 Qd6 56. Ne5 Be6 57. Ng6+ Kg8 0-1

[Event "*** SCC Grand Prix: Titled Tuesday Blitz"]
[Site "Chess.com"]
[Date "2020.06.02"]
[Round "8"]
[White "StockholmMissile"]
[Black "wanyaland"]
[Result "1-0"]
[WhiteElo "2444"]
[BlackElo "2297"]
[TimeControl "180+1"]
[EndTime "11:37:20 PDT"]
[Termination "StockholmMissile won by resignation"]

1. d4 d5 2. c4 e6 3. Nf3 Nf6 4. Bg5 c6 5. e3 Nbd7 6. Nbd2 Bd6 7. Bd3 b6 8. O-O Bb7 9. e4 dxe4 10. Nxe4 Be7 11. Nxf6+ Nxf6 12. Qe2 c5 13. dxc5 Bxc5 14. Rad1 Qc7 15. Bxf6 gxf6 16. Be4 Ke7 17. Nd4 Qe5 18.
Bxb7 Bxd4 19. Qxe5 fxe5 20. Bxa8 Rxa8 21. b3 Rd8 22. g3 f5 23. Kg2 e4 24. Rd2 e5 25.
Rfd1 a5 26. a3 Ke6 27. b4 axb4 28. axb4 Ra8 29. Rc2 Rc8 30. Rdc1 Rc7 31. Ra2 Kd6 32.
Ra6 Kc6 33. c5 Kb5 34. Rxb6+ Ka4 35. Rb8 Kb3 36. Rf1 f4 37. Kh3 Kc2 38. Kg4 f3 39.
Kf5 Kd3 40. Ra8 Rf7+ 41. Ke6 Rg7 42. c6 Ke2 43. Rb1 Kxf2 44. Ra2+ Ke3 45. Rb3+ Bc3 46. Rxc3+ Kd4 47. Rc1 e3 48. c7 Rxc7 49. Rxc7 e2 50. Rc1 Ke3 51. Rb1 f2 52. Rxe2+ Kxe2 53. Kxe5 Kf3 54.
Ra1 Kg2 55. Rb1 Kxh2 56. b5 Kxg3 57. b6 Kg2 58. b7 h5 59. b8=Q f1=Q 60. Qg8+ Kh2 61.
Rxf1 1-0

[Event "*** SCC Grand Prix: Titled Tuesday Blitz"]
[Site "Chess.com"]
[Date "2020.06.02"]
[Round "8"]
[White "Morshynska"]
[Black "GMKrikor"]
[Result "0-1"]
[WhiteElo "2186"]
[BlackElo "2721"]
[TimeControl "180+1"]
[EndTime "11:37:21 PDT"]
[Termination "GMKrikor won on time"]

1. e4 g6 2. d4 Bg7 3. Nf3 d6 4. Bc4 Nf6 5. Qe2 O-O 6. O-O c6 7. e5 Nd5 8. h3 a5 9. a4 Na6 10. Nc3 Nxc3 11. bxc3 Nc7 12. Re1 Be6 13. Bd3 Nd5 14. Bd2 Qd7 15. Rab1 Rab8 16. c4 Nb4 17. Bxb4 axb4 18. Rxb4 dxe5 19. dxe5 Qc7 20. Reb1 Bd7 21. c5 Rfd8 22. Qe3 Be6 23. h4 Bd5 24. h5 e6 25. hxg6 hxg6 26. Rh4 Bxf3 27. Qxf3 Qxe5 28. Qh3 Qxc5 29. Kh1 b6 30. Bxg6 Qxf2 31. Bd3 Qf6 32. Rf1 Qe5 33. Qf3 Rd7 34. Rh5 Qd4 35. Bh7+ Kf8 36.
Bd3 Rbd8 37. Qh3 Re7 38. Rh7 c5 39. Rh4 Qe5 40. Qf3 c4 41. Rh5 Qd4 42. Bg6 Rdd7 43. Rh7 Qe5 44. Bh5 Qd4 45. Qg3 c3 0-1

[Event "*** SCC Grand Prix: Titled Tuesday Blitz"]
[Site "Chess.com"]
[Date "2020.06.02"]
[Round "8"]
[White "Bayernbk"]
[Black "Redbandit87"]
[Result "1-0"]
[WhiteElo "2489"]
[BlackElo "2335"]
[TimeControl "180+1"]
[EndTime "11:37:22 PDT"]
[Termination "Bayernbk won on time"]

1. e4 e5 2. Nc3 Nf6 3. Nf3 Nc6 4.
d4 exd4 5. Nxd4 Bb4 6. Nxc6 bxc6 7. Bd3 d5 8. exd5 cxd5 9. O-O O-O 10. Bg5 c6 11. Qf3 Bxc3 12. bxc3 Be6 13. Rab1 h6 14.
Bxf6 Qxf6 15. Qxf6 gxf6 16. Rb7 a5 17. a4 Kg7 18. Re1 Rfe8 19. f3 f5 20. Kf2 Kf6 21. Reb1 f4 22. Rc7 Rec8 23. Rbb7 Ke5 24. Rxc8 Rxc8 25. Ra7 c5 26. Rxa5 c4 27. Be2 Kd6 28.
Ra6+ Kc5 29. a5 Rb8 30. Rb6 Rxb6 31. axb6 Kxb6 32. g3 fxg3+ 33. hxg3 Bf5 34. Ke3 Bxc2 35. Kd4 Kc6 36. f4 f5 37. Bh5 Kd6 38. Be8 Be4 39.
Bg6 Ke6 40. Bh7 Kd6 41. Bg8 Bf3 42. Bh7 Be4 43. Bg6 Bc2 44. g4 fxg4 45. Bxc2 Ke6 46. Ke3 h5 47. Bd1 Kf5 48. Bc2+ Kf6 49. Kf2 h4 50. Bb1 Ke6 51. Bc2 Kf6 52. Bh7 Ke6 53. Bg8+ Kd6 54. f5 1-0

[Event "*** SCC Grand Prix: Titled Tuesday Blitz"]
[Site "Chess.com"]
[Date "2020.06.02"]
[Round "8"]
[White "Mimsychess"]
[Black "MasterKroket"]
[Result "0-1"]
[WhiteElo "2253"]
[BlackElo "2425"]
[TimeControl "180+1"]
[EndTime "11:37:23 PDT"]
[Termination "MasterKroket won on time"]

1. d4 Nf6 2. c4 e6 3. Nc3 Bb4 4. e3 O-O 5. Bd2 b6 6. Nf3 Bb7 7. Be2 d6 8. O-O Bxc3 9. Bxc3 Ne4 10. Rc1 Nd7 11. d5 e5 12. Nd2 Nxc3 13. Rxc3 a5 14. b3 f5 15. a3 Bc8 16. b4 axb4 17. axb4 Nf6 18. c5 dxc5 19. bxc5 Kh8 20. d6 bxc5 21. dxc7 Qxc7 22. Qc2 Nd7 23. Nb3 Bb7 24. Nxc5 Rac8 25.
Rc1 Nxc5 26. Rxc5 Qd7 27. Rc7 Rxc7 28. Qxc7 Qd2 29. Bf1 h6 30. Qe7 Rg8 31. Rc7 Be4 32. Qxe5 Qd1 33. Qc3 Bxg2 34. Qc1 Qxc1 35. Rxc1 Bxf1 36.
Kxf1 Re8 37. Rc7 Kh7 38. Ke2 Kg6 39. Kf3 Kf6 40. h4 Re6 41. h5 Ra6 42. Rd7 Rb6 43. Kf4 Rb4+ 44. Rd4 Rb7 45. Rd6+ Ke7 46. Rg6 Kf7 47.
Kxf5 Rb5+ 48. Kg4 Rb2 49. f4 Rg2+ 50. Kf5 Rh2 51. Kg4 Rg2+ 52. Kf5 Rh2 0-1

[Event "*** SCC Grand Prix: Titled Tuesday Blitz"]
[Site "Chess.com"]
[Date "2020.06.02"]
[Round "8"]
[White "GoValya"]
[Black "allvim"]
[Result "0-1"]
[WhiteElo "2171"]
[BlackElo "2307"]
[TimeControl "180+1"]
[EndTime "11:37:24 PDT"]
[Termination "allvim won by resignation"]

1. d4 Nf6 2. c4 g6 3. g3 Bg7 4.
Bg2 d5 5. cxd5 Nxd5 6. e4 Nb6 7. Ne2 O-O 8. O-O Nc6 9. Be3 Nc4 10. Qc2 Nxe3 11.
fxe3 Bh6 12. Qb3 Na5 13. Qc3 e5 14. Qxa5 Bxe3+ 15. Kh1 exd4 16. Na3 d3 17. Nf4 Bg4 18. Nd5 Bd4 19. Nc4 Be2 20. Rf4 b6 21. Qd2 c6 22.
Nc3 b5 23. Nxe2 bxc4 24. Nxd4 Qxd4 25. e5 Qb6 26. Rxc4 Rad8 27. Rxc6 Qd4 28. e6 fxe6 29.
Rxe6 Rf2 30. Qe3 Qxe3 31. Rxe3 Rxb2 32. Rd1 d2 33. Ra3 Rd7 34. Bf3 Rc2 35. Kg2 Rc1 36. Kf2 Kg7 37. Ke2 Rc2 38. Rd3 Re7+ 39. Re3 Rd7 40.
Rxd2 Rcxd2+ 41. Ke1 Rxa2 42. Be4 Rdd2 43. Rd3 Rxd3 44.
Bxd3 Rxh2 45. g4 Kf6 46. Be2 Ke5 47. Kd2 Kd4 48. Ke1 Ke3 49. Bf1 Rh1 50. g5 Rg1 51. Kd1 Rxf1+ 52. Kc2 Rf5 53. Kc3 Rxg5 54. Kc4 Rf5 55. Kc3 Rf8 56. Kc4 g5 57. Kc3 g4 58.
Kc4 g3 0-1

[Event "*** SCC Grand Prix: Titled Tuesday Blitz"]
[Site "Chess.com"]
[Date "2020.06.02"]
[Round "8"]
[White "nikitakhoroshev"]
[Black "MiroVlasenko"]
[Result "1-0"]
[WhiteElo "2469"]
[BlackElo "2612"]
[TimeControl "180+1"]
[EndTime "11:37:25 PDT"]
[Termination "nikitakhoroshev won by resignation"]

1. d4 Nf6 2. c4 e6 3. Nc3 Bb4 4. e3 b6 5. Ne2 Ba6 6. a3 Bxc3+ 7.
Nxc3 d5 8. cxd5 Bxf1 9. Kxf1 Nxd5 10. Qa4+ c6 11. Ne2 f5 12. Qc2 O-O 13. e4 fxe4 14. Qxe4 Qf6 15. f3 Qf5 16. Ng3 Qxe4 17. Nxe4 Nd7 18.
Bd2 N7f6 19. Ng5 Rfe8 20. Kf2 h6 21. Nh3 Rac8 22. Rac1 Kf7 23. Rhe1 g5 24. Kg3 Ne7 25. Kf2 Nf5 26. Bc3 Red8 27. Rcd1 Rd5 28. Re5 Rcd8 29.
Rxd5 exd5 30. Ng1 Re8 31. g4 Nh4 32. Ne2 Re6 33. Ng3 Ne8 34. Re1 Nc7 35. Re3 Rxe3 36. Kxe3 Ne6 37. Ne2 c5 38. a4 c4 39. Bb4 a6 40.
Bd6 Ke8 41. Bg3 Ng6 42. Nc3 Ne7 43. h4 Kd7 44. h5 Kc6 45. Be5 b5 46. axb5+ axb5 47. Na2 Kd7 48. Nb4 Nc6 49. Nxd5 b4 50.
Nf6+ Ke7 51. Ne4 b3 52. Bf6+ Kf7 53. d5 Nc7 54. dxc6 Nd5+ 55. Kd4 c3 56. Nxc3 Nxf6 57.
c7 1-0

[Event "*** SCC Grand Prix: Titled Tuesday Blitz"]
[Site "Chess.com"]
[Date "2020.06.02"]
[Round "8"]
[White "Malysch"]
[Black "chenxiaoyuer"]
[Result "0-1"]
[WhiteElo "2507"]
[BlackElo "2349"]
[TimeControl "180+1"]
[EndTime "11:37:26 PDT"]
[Termination "chenxiaoyuer won on time"]

1. d4 Nf6 2. c4 g6 3. g3 Bg7 4. Bg2 O-O 5. Nf3 d6 6. O-O Nc6 7. Nc3 Bg4 8. d5 Na5 9. Nd2 c5 10. Qc2 a6 11. b3 b5 12. Bb2 b4 13. Na4 Bxe2 14. Rfe1 Bg4 15. Ne4 Bf5 16. Qe2 Nxe4 17. Bxg7 Nxg3 18. Qb2 Nh5 19. Bxf8 Qxf8 20. Re3 Nf4 21. Qd2 Qh6 22. Rd1 Qg5 23. Rg3 Qh4 24.
Re1 Re8 25. a3 Nxb3 26. Rxb3 bxa3 27. Rxa3 Nh5 28. Nc3 Qxc4 29. Ne4 Bxe4 30. Rxe4 Qb5 31. Rae3 Qb1+ 32. Re1 Qb7 33. Qe3 Kf8 34. Rh4 Nf6 35. Qh6+ Kg8 36. Rf4 Nd7 37. Rh4 Nf6 38. Rf4 Nd7 39. Qg5 Kf8 40. Rh4 Nf6 41. Rf4 Kg7 42. h4 h6 43. Qg3 Nh5 44. Qc3+ Kg8 45. Rfe4 Qc7 46. Qe3 Kf8 47. Qxh6+ Kg8 48. Qg5 Ng7 0-1

[Event "*** SCC Grand Prix: Titled Tuesday Blitz"]
[Site "Chess.com"]
[Date "2020.06.02"]
[Round "8"]
[White "ChronicUnhappiness"]
[Black "Rodchenkov_Vitalij"]
[Result "1-0"]
[WhiteElo "2321"]
[BlackElo "2431"]
[TimeControl "180+1"]
[EndTime "11:37:26 PDT"]
[Termination "ChronicUnhappiness won on time"]

1. c4 c6 2. Nf3 d5 3. e3 Nf6 4.
Nc3 e6 5. b3 Be7 6. Bb2 O-O 7. d4 Nbd7 8. Bd3 b6 9. O-O Bb7 10. Re1 Rc8 11. e4 dxe4 12. Nxe4 Nxe4 13. Bxe4 Nf6 14. Bc2 c5 15. Qe2 Re8 16. Rad1 cxd4 17. Nxd4 Qc7 18. Nxe6 fxe6 19. Qxe6+ Kf8 20. Qh3 Qc6 21. Re6 Qxg2+ 22. Qxg2 Bxg2 23. Kxg2 Bc5 24. Rxe8+ Rxe8 25. Rd2 Bb4 26. Rd3 Re2 27. Bxf6 gxf6 28. Bb1 Bc5 29. Rf3 Kf7 30. Bxh7 Rxa2 31. Be4 a5 32. h4 a4 33. bxa4 Rxa4 34. h5 Kg7 35. Rg3+ Kh6 36. Bf3 Rxc4 37. Rg6+ Kh7 38. Rxf6 Rc2 39.
Bg4 Kg7 40. Rg6+ Kf7 41. Kg3 Rxf2 42. Rg5 Rf6 43. Rd5 Bf2+ 44. Kh3 Bc5 45. Bf5 Ke7 46.
Kg4 Rh6 47. Rd7+ Ke8 48. Rg7 Bf8 49. Bg6+ 1-0

[Event "*** SCC Grand Prix: Titled Tuesday Blitz"]
[Site "Chess.com"]
[Date "2020.06.02"]
[Round "8"]
[White "Grandmaster2B"]
[Black "lifeissofun"]
[Result "1-0"]
[WhiteElo "2429"]
[BlackElo "2260"]
[TimeControl "180+1"]
[EndTime "11:37:28 PDT"]
[Termination "Grandmaster2B won by resignation"]

1. e4 c5 2. Nf3 d6 3. d4 cxd4 4.
Nxd4 Nf6 5. Nc3 a6 6. f3 e5 7. Nb3 Be6 8. Be3 h5 9. Nd5 Bxd5 10.
exd5 g6 11. Be2 Nbd7 12. c4 Qc7 13. O-O b6 14. Rc1 Bg7 15. a4 a5 16. Na1 e4 17. Nc2 exf3 18. gxf3 Ne5 19. Nd4 O-O 20. Nb5 Qd7 21. Bxb6 Bh6 22. Rc3 Ra6 23. Be3 Bg7 24.
Nd4 Rb6 25. Rb3 Rxb3 26. Qxb3 Re8 27. Bg5 Nh7 28. Bf4 Nxc4 29. Ne6 fxe6 30. Bxc4 e5 31. Bb5 Qb7 32. Qd3 Rf8 33. Bg3 Rf5 34. Be8 Qb6+ 35.
Kh1 Nf8 36. Bxg6 Rf6 37. Bxh5 Qxb2 38. Rg1 Rh6 39. Qf5 Qb7 40. Bh4 Kh8 41. Rg4 Qxd5 42. Be7 Qg8 43. Rxg7 Qxg7 44. Bxf8 Qh7 45. Qxh7+ Rxh7 46. Bg4 Rf7 47. Bxd6 e4 48. Be5+ Kh7 49. fxe4 Kg6 50. Bf5+ Kg5 51. Bd4 Rc7 52. Be3+ Kf6 53. Kg2 Ke5 54. Bf2 Rc4 55. Bg3+ Kd4 56. Bd7 Rxa4 57. Bxa4 Kxe4 58. Be1 Kf5 59. Bxa5 Ke4 60. Be1 1-0

[Event "*** SCC Grand Prix: Titled Tuesday Blitz"]
[Site "Chess.com"]
[Date "2020.06.02"]
[Round "8"]
[White "Abund"]
[Black "bazar-wokzal"]
[Result "1-0"]
[WhiteElo "2596"]
[BlackElo "2406"]
[TimeControl "180+1"]
[EndTime "11:37:29 PDT"]
[Termination "Abund won on time"]

1. d4 Nf6 2. c4 Nc6 3. Nc3 e5 4. d5 Ne7 5. Nf3 Ng6 6. h4 h5 7. Bg5 Be7 8. e4 Ng4 9. Be2 f6 10. Bd2 Bc5 11. Rf1 a5 12. Na4 Ba7 13. c5 d6 14. Rc1 Bd7 15. Bxa5 dxc5 16. Bd2 Qe7 17. Qc2 b6 18. Nc3 O-O 19. Rh1 c4 20. Bxc4 Kh7 21. Bd3 b5 22. Nd1 Bb6 23. a3 Nf4 24. Bb4 Qf7 25.
Bxf8 Nxg2+ 26. Kf1 Nf4 27. Bb4 Bxf2 28. Bd2 Bb6 29.
Bxf4 exf4 30. e5+ Kh8 31. e6 Bxe6 32. dxe6 Qxe6 33. Qc6 Qg8 34. Qxb5 Ra5 35. Qc4 Qd8 36. Rc3 Rd5 37. Kg2 Rd6 38. Re1 Qd7 39. Qe4 f5 40. Qe8+ Qxe8 41. Rxe8+ Kh7 42. Bxf5+ g6 43. Bxg4 hxg4 44.
Ng5+ Kg7 45. Rc1 Rd2+ 46. Kf1 g3 47. Re2 1-0

[Event "*** SCC Grand Prix: Titled Tuesday Blitz"]
[Site "Chess.com"]
[Date "2020.06.02"]
[Round "8"]
[White "korkmaz16"]
[Black "ElviraBerend"]
[Result "1-0"]
[WhiteElo "2265"]
[BlackElo "2379"]
[TimeControl "180+1"]
[EndTime "11:37:29 PDT"]
[Termination "korkmaz16 won on time"]

1. d4 Nf6 2. Nf3 g6 3. c4 Bg7 4.
Nc3 O-O 5. Bg5 c5 6. d5 d6 7. e3 h6 8. Bh4 a6 9. Be2 b5 10.
Nd2 bxc4 11. Nxc4 Nbd7 12. O-O Bb7 13. Rc1 Nb6 14. e4 Nxc4 15. Bxc4 Nd7 16. f4 Nb6 17. Bd3 Qd7 18. f5 g5 19. Bg3 Qd8 20. Kh1 Nd7 21.
b3 Nf6 22. Bc2 Qa5 23. Bb1 Rac8 24. Qe2 c4 25. bxc4 Qb4 26. Bd3 Ba8 27. e5 dxe5 28.
Bxe5 Rfe8 29. Ne4 Qa3 30. Bb2 Qa5 31. Nxf6+ exf6 32. Qf2 Qa4 33. Bd4 Qd7 34. Rce1 a5 35. Qg3 a4 36. h4 a3 37. hxg5 hxg5 38. Kh2 Qd8 39. Rh1 Rxe1 40. Rxe1 Bf8 41. Kh1 Bd6 42. Qh3 Kg7 43. Qh5 Kg8 44. Re3 Bf8 45. Rh3 Bg7 46. Qh7+ Kf8 47. Re3 Qd6 48. Be2 Qf4 49. Rd3 Qc1+ 50.
Rd1 Qf4 51. Qh5 Kg8 52. Qf3 Qd6 53. Kg1 Rd8 54. c5 Qxd5 55. Qxd5 Bxd5 56. Bf2 1-0

[Event "*** SCC Grand Prix: Titled Tuesday Blitz"]
[Site "Chess.com"]
[Date "2020.06.02"]
[Round "8"]
[White "Kira170"]
[Black "grunbergmihai"]
[Result "1/2-1/2"]
[WhiteElo "2624"]
[BlackElo "2411"]
[TimeControl "180+1"]
[EndTime "11:37:30 PDT"]
[Termination "Game drawn by repetition"]

1. d4 f5 2. Nf3 Nf6 3. c4 g6 4.
Nc3 Bg7 5. Bf4 O-O 6. e3 d6 7. c5 c6 8. Qb3+ d5 9. Ne5 Nbd7 10.
Be2 e6 11. O-O Ne4 12. Nxe4 fxe4 13. Nxd7 Qxd7 14. f3 exf3 15. Rxf3 e5 16. dxe5 Qe7 17.
Qc3 Bg4 18. Rf2 Bxe2 19. Rxe2 Rae8 20. Qb4 Rf7 21. Rf1 Ref8 22. Ref2 b6 23. e6 Qxe6 24. cxb6 axb6 25. Qxb6 d4 26. g3 dxe3 27. Bxe3 Rxf2 28.
Rxf2 Rxf2 29. Bxf2 h5 30. a4 h4 31. Qd8+ Kf7 32.
Qxh4 Bxb2 33. Qf4+ Bf6 34. a5 Qa2 35. Qc7+ Kg8 36.
h4 Qa1+ 37. Kh2 Qa2 38. Qb6 Kg7 39. a6 g5 40. hxg5 Bxg5 41. a7 Bf6 42. Kg1 Qa1+ 43. Kg2 Qa2 44. Qb7+ Kg6 45. a8=Q Qd5+ 46. Kg1 Qd1+ 47.
Kh2 Qh5+ 48. Kg2 Qd5+ 49. Kg1 Qd1+ 50. Kg2 Qd5+ 1/2-1/2

[Event "*** SCC Grand Prix: Titled Tuesday Blitz"]
[Site "Chess.com"]
[Date "2020.06.02"]
[Round "8"]
[White "14Sokol88"]
[Black "Eloist"]
[Result "1-0"]
[WhiteElo "2419"]
[BlackElo "2237"]
[TimeControl "180+1"]
[EndTime "11:37:30 PDT"]
[Termination "14Sokol88 won on time"]

1. e4 e6 2. d4 d5 3. Nd2 Nf6 4. e5 Nfd7 5. f4 c5 6. Ndf3 Nc6 7. c3 Qb6 8. g3 Be7 9. Ne2 cxd4 10. Nexd4 Nxd4 11. cxd4 Nb8 12. Kf2 O-O 13. Kg2 Bd7 14. Qb3 Qxb3 15.
axb3 Nc6 16. Bd2 Nb4 17. Be2 Rfc8 18. Bc3 a6 19. Kf2 Bb5 20. Bxb5 axb5 21. Ke2 Na2 22. Bd2 f6 23. Kd3 Kf7 24. exf6 gxf6 25. g4 Nb4+ 26. Bxb4 Bxb4 27. g5 Bd6 28. Ke3 Ra6 29.
Rxa6 bxa6 30. Ra1 Rc6 31. h4 Bb4 32. gxf6 Kxf6 33. Ne5 Rc2 34. Rxa6 Rxb2 35. Ra7 Rxb3+ 36.
Nd3 Be7 37. Kd2 Rb1 38. Ne5 Rh1 39. Ng4+ Kf7 40. Ne5+ Kf6 41. Nd7+ Kf5 42. Nb6 Bb4+ 43. Kc2 Kxf4 44. Rxh7 Ke4 45. Rh6 Rh2+ 46. Kb3 Ba5 47. Rxe6+ Kxd4 48. Nd7 Rh3+ 49. Kc2 Bb4 50. Nf6 Kc4 51.
Rc6+ 1-0

[Event "*** SCC Grand Prix: Titled Tuesday Blitz"]
[Site "Chess.com"]
[Date "2020.06.02"]
[Round "8"]
[White "Aguiar94"]
[Black "ZverevLev"]
[Result "1-0"]
[WhiteElo "2419"]
[BlackElo "2234"]
[TimeControl "180+1"]
[EndTime "11:37:30 PDT"]
[Termination "Aguiar94 won on time"]

1. e4 e5 2. Nf3 Nc6 3. Nc3 Nf6 4. d4 exd4 5. Nxd4 Bc5 6. Nxc6 dxc6 7. Qxd8+ Kxd8 8. Bd3 Ke8 9. Bf4 Be6 10. Bxc7 Rc8 11. Bg3 Ke7 12. O-O-O Rhd8 13. a3 Bd4 14. Ne2 c5 15. Nxd4 Rxd4 16. f3 Nd7 17. c3 Ra4 18. Kc2 c4 19. Be2 Ra6 20. Rd4 f6 21. Rhd1 Ne5 22. f4 Nc6 23. Rd6 f5 24. exf5 Bxf5+ 25. Kc1 Na5 26. Bh4+ Kf7 27. R1d5 Nb3+ 28. Kd1 Rxd6 29. Rxd6 b5 30. Bf3 Nc5 31. g4 Be4 32.
Bxe4 Nxe4 33. Rd7+ Kg8 34. Rxa7 Nc5 35. f5 Rc6 36.
Bg3 Rc8 37. Be5 Rd8+ 38. Kc2 Nb3 39. Bd4 Re8 40. Rxg7+ Kf8 41. Rxh7 Re2+ 42. Kd1 Rd2+ 43. Ke1 Rxb2 44. Bf6 Nc5 45. g5 Kg8 46. g6 Nd3+ 47. Kf1 Rb1+ 48. Kg2 Rb2+ 49. Kg3 1-0

[Event "*** SCC Grand Prix: Titled Tuesday Blitz"]
[Site "Chess.com"]
[Date "2020.06.02"]
[Round "8"]
[White "NZT72"]
[Black "GaboSalazar2001"]
[Result "1-0"]
[WhiteElo "2403"]
[BlackElo "2250"]
[TimeControl "180+1"]
[EndTime "11:37:30 PDT"]
[Termination "NZT72 won by resignation"]

1. c4 e5 2. g3 Nf6 3. Bg2 d5 4. cxd5 Nxd5 5. Nf3 Nc6 6. O-O Be7 7. d4 exd4 8. Nxd4 Nxd4 9. Qxd4 Nf6 10. Qxd8+ Bxd8 11. Bf4 c6 12. Nd2 Be6 13. Rfc1 Nd5 14. Be5 Bf6 15. Bxf6 Nxf6 16. Nc4 Ke7 17. Na5 Rab8 18. b4 Bd5 19. f3 Rhd8 20. Kf2 Be6 21. Rc2 Nd5 22. a3 f5 23. Rd1 Rd7 24. Rcd2 Nf6 25. Rxd7+ Bxd7 26. Nb3 b6 27. Rc1 Rc8 28. h3 Be6 29. Nd4 Bd7 30. f4 Kd6 31. Nb3 Be6 32. Rd1+ Bd5 33. Bxd5 cxd5 34.
Nd4 Ne4+ 35. Kg2 g6 36. g4 Rf8 37. e3 a6 38. Rc1 Rf7 39. Rc6+ Kd7 40. Rxb6 Nd6 41.
Rxa6 Re7 42. Ra7+ Ke8 43. Rxe7+ Kxe7 44. Kf3 Kd7 45. gxf5 gxf5 46. a4 Kc7 47. Kg3 Nc4 48. Nxf5 Nb2 49. a5 Nd3 50. b5 Nc5 51. Nd4 Ne4+ 52.
Kg4 Nd6 53. Kg5 Ne4+ 54. Kh6 Nf2 55. h4 Nh3 56. Kxh7 1-0

[Event "*** SCC Grand Prix: Titled Tuesday Blitz"]
[Site "Chess.com"]
[Date "2020.06.02"]
[Round "8"]
[White "Harry_Rakkel"]
[Black "gm_rashid"]
[Result "1-0"]
[WhiteElo "2512"]
[BlackElo "2343"]
[TimeControl "180+1"]
[EndTime "11:37:31 PDT"]
[Termination "Harry_Rakkel won on time"]

1. d4 d5 2. c4 e6 3. Nc3 Nf6 4. cxd5 exd5 5. Bg5 Be7 6. e3 O-O 7. Bd3 c6 8. Qc2 Nbd7 9. Nge2 Re8 10. O-O-O a5 11.
Kb1 a4 12. Nxa4 Qa5 13. Nac3 b5 14.
Nc1 b4 15. N3e2 Ba6 16. Nf4 b3 17. Qxb3 Reb8 18. Qc2 Bc4 19. Bxc4 dxc4 20. Bxf6 Nxf6 21. Ka1 Rb4 22. Rhe1 Ra4 23. Kb1 Bb4 24. b3 Bxe1 25. bxa4 Rb8+ 26. Nb3 cxb3 27. axb3 Qxa4 28. Rd3 Ne4 29.
Kb2 Qa5 30. Qxc6 Ra8 31. Qa4 Qd8 32. Qc6 Nf6 33. f3 Bb4 34. Rd1 Rc8 35. Qa4 Bc3+ 36.
Kb1 Ra8 37. Qb5 Qc8 38. Qc4 Qxc4 39. bxc4 Nd7 40. Kc2 Bb4 41. Rb1 Bf8 42. Nd5 Ra2+ 43.
Rb2 Ra4 44. Kd3 Nf6 45. Nxf6+ gxf6 46. c5 f5 47. Rb8 Kg7 48. g4 Kg6 49. gxf5+ Kxf5 50. Rxf8 Ra3+ 51. Kc4 1-0

[Event "*** SCC Grand Prix: Titled Tuesday Blitz"]
[Site "Chess.com"]
[Date "2020.06.02"]
[Round "8"]
[White "PavelChernomordik"]
[Black "JSMastropiero"]
[Result "0-1"]
[WhiteElo "2260"]
[BlackElo "2433"]
[TimeControl "180+1"]
[EndTime "11:37:31 PDT"]
[Termination "JSMastropiero won on time"]

1. e4 c5 2. Nc3 Nc6 3. Bb5 Nd4 4. Bc4 e6 5. Nge2 Ne7 6. O-O Nec6 7. d3 g6 8. f4 d6 9. Be3 Bg7 10. Ng3 O-O 11.
Qd2 Rb8 12. a4 a6 13. Nd1 b5 14. axb5 axb5 15. Ba2 b4 16. f5 exf5 17. exf5 Nxf5 18. Nxf5 Bxf5 19. Rxf5 gxf5 20. Bg5 Qe8 21. Ne3 Qe5 22. Rf1 Nd4 23. c3 bxc3 24. bxc3 Nb3 25. Qf2 f4 26. Bxf4 Qxc3 27. Bxd6 Qxd3 28. Bxb8 Bd4 29. Qg3+ Kh8 30. Be5+ f6 31. Bxd4 cxd4 32. Nf5 Qxg3 33. hxg3 Nd2 34. Nxd4 Nxf1 35. Kxf1 Rd8 36. Ne2 Rd1+ 37. Kf2 Rd2 38. Be6 Kg7 39. Bf5 Rd5 40. g4 Rd2 41. Ke3 Ra2 42.
Nf4 Ra3+ 43. Ke4 Ra4+ 44. Kf3 Ra2 0-1

[Event "*** SCC Grand Prix: Titled Tuesday Blitz"]
[Site "Chess.com"]
[Date "2020.06.02"]
[Round "8"]
[White "2008king"]
[Black "Mbneu"]
[Result "1/2-1/2"]
[WhiteElo "2125"]
[BlackElo "2230"]
[TimeControl "180+1"]
[EndTime "11:37:31 PDT"]
[Termination "Game drawn by repetition"]

1. e4 c5 2. Nf3 Nf6 3. e5 Nd5 4. d4 cxd4 5. Nxd4 Nc6 6. Nxc6 dxc6 7. c4 Nb6 8. Qxd8+ Kxd8 9. Nc3 Be6 10. b3 Kc7 11.
Bb2 g6 12. Be2 Bg7 13. Ne4 Nd7 14. f4 h6 15. O-O Bf5 16. Bf3 Bxe4 17. Bxe4 Nc5 18.
Bc2 e6 19. b4 Na6 20. a3 Rhd8 21. Rad1 Bf8 22. Rxd8 Rxd8 23. Rd1 Rxd1+ 24. Bxd1 Nb8 25. Bf3 Nd7 26. g4 Nb6 27. Be2 Na4 28. Ba1 a5 29. c5 axb4 30. axb4 b5 31. Bd4 Kd7 32. Kf2 Be7 33. Ke3 Bh4 34. Bd1 Be1 35. h3 Bxb4 36.
Bxa4 bxa4 37. Kd3 Kc7 38. Bb2 Bxc5 39. Kc4 Be7 40. Bd4 a3 41. Kb3 Kb7 42. Bc3 Ka6 43. Bd2 Kb5 44. Bc1 Bc5 45. h4 Bb4 46. h5 gxh5 47. gxh5 c5 48. f5 c4+ 49. Ka2 c3 50.
fxe6 fxe6 51. Bxh6 c2 52. Bc1 Kc4 53. h6 Bf8 54. h7 Bg7 55. Kxa3 Bxe5 56. Bb2 Kd3 57. Ka2 Bxb2 58. Kxb2 Kd2 59. h8=Q c1=Q+ 60. Kb3 Qc2+ 61. Kb4 Qe4+ 62. Kb3 Qd5+ 63. Kb4 e5 64. Qh2+ Ke3 65. Qg3+ Kd4 66. Qf2+ Ke4 67. Qg2+ Kd4 68. Qd2+ Ke4 69.
Qg2+ Kd4 70. Qd2+ Ke4 71. Qg2+ 1/2-1/2